 Dungeon Crawl Stone Soup version bcrawl-1.13.2 (webtiles) character file.

Game seed: 2636099381354206989

1039 Felnil the Shield-Bearer (level 8, 0/50 HPs)
             Began as a Skeleton Fighter on Aug 10, 2019.
             Was an Initiate of Qazlal.
             Slain by an orc warrior
             ... wielding a +0 dire flail
              (12 damage)
             ... on level 6 of the Dungeon.
             The game lasted 00:13:49 (5213 turns).

Felnil the Shield-Bearer (Skeleton Fighter)         Turns: 5213, Time: 00:13:49

Health: 0/50       AC: 13    Str: 24 (25) XL:     8   Next: 4%
Magic:  0/8        EV:  8    Int:  7      God:    Qazlal [......]
Gold:   191        SH: 10    Dex:  8      Spells: 7/7 levels left

rFire    x . .     SeeInvis .   a - +0 war axe
rCold    + + .     Gourm    .   c - +0 shield
rNeg     + + +     Faith    .   b - +0 scale mail
rPois    ∞         Spirit   +   (no helmet)
rElec    .         Reflect  .   (no cloak)
rCorr    .         Harm     .   (no gloves)
MR       +....                  (no boots)
Stlth    ..........             m - amulet of guardian spirit
HPRegen  0.16/turn              d - +6 ring of protection
MPRegen  0.11/turn              h - ring of ice

@: no status effects
A: no food or potions, cold resistance 1, deterioration 1, negative energy
resistance 3, powered by death 1, torment resistance, unbreathing, magic shield,
sturdy frame 1, spell healing
a: Renounce Religion


You were on level 6 of the Dungeon.
You worshipped Qazlal.
Qazlal was noncommittal.
You were not hungry.

You visited 1 branch of the dungeon, and saw 6 of its levels.

You collected 191 gold pieces.

Inventory:

Hand Weapons
 a - a +0 war axe (weapon)
Armour
 b - a +0 scale mail (worn)
 c - a +0 shield (worn)
Jewellery
 d - a +6 ring of protection (left hand)
 h - a ring of ice (right hand)
 m - an amulet of guardian spirit (around neck)
 q - an uncursed ring of ice
Wands
 e - a wand of enslavement (9)
 i - a wand of acid (4)
 o - a wand of polymorph (1)
Scrolls
 f - a scroll of magic mapping
 g - a scroll of teleportation
 j - 2 scrolls of fear
 l - a scroll of remove curse
 n - a scroll of enchant weapon
 p - 2 scrolls of enchant armour


   Skills:
 + Level 5.5 Fighting
 + Level 6.0 Axes
 + Level 6.0 Armour
 + Level 6.6 Shields


You had 7 spell levels left.
You didn't know any spells.
Your spell library was empty.

Dungeon Overview and Level Annotations

Branches:
Dungeon (6/12)             Temple (0/1) D:5

Altars:
Cheibriados
Elyvilon
Kikubaaqudgha
Nemelex Xobeh
Qazlal
Vehumet
Xom


Innate Abilities, Weirdness & Mutations

You do not eat or drink.
You are immune to poison.
Your flesh is cold resistant. (rC+)
Your body sometimes deteriorates upon taking damage.
You are immune to negative energy. (rN+++)
You regenerate a little health from kills.
You are immune to unholy pain and torment.
You can survive without breathing.
When hurt, damage is shared between your health and your magic reserves.
Your movements are slightly less encumbered by armour. (ER -2)
Casting spells heals you.


Message History

The orc warrior is heavily wounded.
You closely miss the orc wizard. You block the orc warrior's attack.
The orc wizard closely misses you.
You hit the orc warrior but do no damage.
The orc warrior is heavily wounded.
You hit the orc wizard.
You kill the orc wizard!
Qazlal accepts your kill. You block the orc warrior's attack.
The orc warrior barely misses you.
You hit the orc warrior but do no damage.
The orc warrior is moderately wounded.
The orc warrior hits you with a +0 dire flail.
* * * LOW HITPOINT WARNING * * *
You hit the orc warrior but do no damage.
The orc warrior is moderately wounded.
The orc warrior barely misses you.
You hit the orc warrior but do no damage.
The orc warrior is moderately wounded.
The orc warrior hits you with a +0 dire flail!
You die...

#############
#...........#
#...)@...(..#
#....o......#
#.......#####
#.......#
............
....###.#....
###.
#.#...... .
#.#...... #
#.#......


You could see an orc warrior.

Vanquished Creatures
  Grinder (D:3)
  An ogre (D:5)
  Blork the orc (D:6)
  A scorpion (D:5)
  2 crimson imps (D:5)
  A bullfrog zombie (D:5)
  A hound (D:5)
  A gnoll shaman (D:2)
  4 orc wizards
  Ijyb (D:3)
  4 worker ants
  Robin (D:3)
  6 adders
  8 gnolls
  A shadow imp (D:5)
  An ooze (D:3)
  An adder skeleton (D:4)
  A worm (D:3)
  3 dart slugs
  5 leopard geckos
  8 orcs
  8 bats
  9 giant cockroaches
  11 goblins
  11 hobgoblins
  6 kobolds
  A quokka (D:5)
  5 ball pythons
  5 frilled lizards
  A jackal skeleton (D:5)
  A quokka zombie (D:4)
  5 rats
  A plant (D:2)
117 creatures vanquished.

Notes
Turn   | Place    | Note
-------+----------+-------------------------------------------
     0 | D:1      | Felnil the Skeleton Fighter began the quest for the Orb.
     0 | D:1      | Reached XP level 1. HP: 14/14 MP: 1/1
   352 | D:1      | Reached XP level 2. HP: 18/19 MP: 2/2
   738 | D:1      | Reached XP level 3. HP: 23/23 MP: 3/3
   978 | D:2      | Found an ancient bone altar of Kikubaaqudgha.
  1138 | D:2      | Reached XP level 4. HP: 20/28 MP: 2/4
  1792 | D:3      | Noticed Ijyb
  1813 | D:3      | Killed Ijyb
  1813 | D:3      | Reached XP level 5. HP: 28/33 MP: 5/5
  2051 | D:3      | Reached skill level 5 in Shields
  2094 | D:3      | Noticed Robin
  2113 | D:3      | Killed Robin
  2124 | D:3      | Gained mutation: You regenerate a little health from kills.
                  | [Skeleton growth]
  2124 | D:3      | Reached XP level 6. HP: 36/38 MP: 6/6
  2366 | D:3      | Noticed Grinder
  2373 | D:3      | Paralysed by Grinder for 3 turns
  2387 | D:3      | Paralysed by Grinder for 3 turns
  2402 | D:3      | Killed Grinder
  2402 | D:3      | Reached skill level 5 in Armour
  2747 | D:4      | Found a stormy altar of Qazlal.
  2750 | D:4      | Became a worshipper of Qazlal Stormbringer
  2807 | D:4      | Found a white marble altar of Elyvilon.
  2891 | D:4      | Found a sparkling altar of Nemelex Xobeh.
  2915 | D:4      | Reached skill level 5 in Axes
  2919 | D:4      | Reached XP level 7. HP: 39/44 MP: 5/7
  3857 | D:5      | Entered Level 5 of the Dungeon
  4262 | D:5      | Found a radiant altar of Vehumet.
  4285 | D:5      | Reached skill level 5 in Fighting
  4642 | D:5      | Found a staircase to the Ecumenical Temple.
  4886 | D:6      | Noticed Blork the orc
  4897 | D:6      | Killed Blork the orc
  4897 | D:6      | Reached XP level 8. HP: 50/50 MP: 6/8
  4902 | D:6      | Found a shimmering altar of Xom.
  4909 | D:6      | Found a snail-covered altar of Cheibriados.
  4936 | D:6      | Noticed a manticore
  5213 | D:6      | Slain by an orc warrior

Skill      XL: |  1  2  3  4  5  6  7 |
---------------+----------------------+-----
Shields        | 4 5 6 |  6.6
Axes           | 3 4 5 6 |  6.0
Armour         | 4 5 6 |  6.0
Fighting       | 4 5 |  5.5

Action                   |  1- 3 |  4- 6 |  7- 9 || total
-------------------------+-------+-------+-------++-------
Melee: War axe           |   126 |   210 |   148 ||   484
  Use: Scroll            |       |     8 |     3 ||    11
Armor: Scale mail        |    48 |    81 |    59 ||   188
Dodge: Dodged            |    45 |    44 |    37 ||   126
Block: Shield            |    80 |    91 |    81 ||   252
